 Dungeon Crawl Stone Soup version 0.18.1-48-g4cf74bf (webtiles) character file.

180 FloraKitsune the Sneak (level 5, -15/40 HPs)
             Began as a Vampire Monk on Aug 29, 2016.
             Demolished by an ogre
             ... wielding a +0 giant spiked club
              (30 damage)
             ... on level 3 of the Dungeon.
             The game lasted 00:06:04 (2483 turns).

FloraKitsune the Sneak (Vampire Monk)               Turns: 2483, Time: 00:06:05

Health: -15/40     AC:  4    Str: 10    XL:     5   Next: 33%
Magic:  5/5        EV: 15    Int: 13    God:
Gold:   107        SH:  0    Dex: 17    Spells: 0 memorised, 4 levels left

rFire  + . .     SeeInvis +       - Unarmed
rCold  . . .     Gourm    .     m - +2 robe
rNeg   . . .     Faith    .     (no shield)
rPois  .         Spirit   .     (no helmet)
rElec  .         Dismiss  .     (no cloak)
rCorr  .         Reflect  .     (no gloves)
SustAt .         Harm     .     (no boots)
MR     .....                    (no amulet)
Stlth  +++.......               (no ring)
                                b - ring of protection from fire

@: regenerating quickly, not resistant to hostile enchantments, fairly stealthy
A: fangs 3, see invisible, unbreathing
a: no special abilities


You were on level 3 of the Dungeon.
You were very full.

You visited 1 branch of the dungeon, and saw 3 of its levels.

You collected 107 gold pieces.

Inventory:

Armour
 m - a +2 robe (worn)
Jewellery
 b - a ring of protection from fire (left hand)
Scrolls
 c - 6 scrolls of identify {unknown}
 d - a scroll of noise {unknown}
 e - a scroll of recharging {unknown}
 f - 2 scrolls of teleportation {unknown}
 g - a scroll of remove curse {unknown}
 j - 2 scrolls of immolation {unknown}
 k - a scroll of magic mapping {unknown}
 n - a scroll of blinking {unknown}
 p - a scroll of fear {unknown}
Potions
 a - a potion of curing {unknown}
 h - a potion of beneficial mutation {unknown}
 i - a potion of flight {unknown}
 l - a potion of magic {unknown}
 o - 2 potions of degeneration {unknown}
Books
 q - a book of Changes

   Spells                             Type                      Level
   a - Beastly Appendage              Transmutation                1
   b - Sticks to Snakes               Transmutation                2
   c - Spider Form                    Transmutation/Poison         3
   d - Ice Form                       Ice/Transmutation            4
   e - Blade Hands                    Transmutation                5


   Skills:
 - Level 2.8 Fighting
 * Level 5.4 Dodging
 + Level 5.4 Stealth
 - Level 4.7 Unarmed Combat


You had 4 spell levels left.
You didn't know any spells.

Dungeon Overview and Level Annotations

Branches:
Dungeon (3/15)

Altars:


Innate Abilities, Weirdness & Mutations

Your natural rate of healing is unusually fast.
You have razor-sharp teeth.
You have supernaturally acute eyesight.
You can survive without breathing.


Message History

The giant cockroach misses you.
You hit the giant cockroach.
The giant cockroach is almost dead.
The giant cockroach barely misses you.
You hit the giant cockroach.
You kill the giant cockroach!
You punch the ogre!
The ogre is moderately wounded.
The ogre misses you.
You hit the ogre.
The ogre is moderately wounded.
The ogre hits you with a giant spiked club!!
Ouch! That really hurt!
You barely miss the ogre.
The ogre is moderately wounded.
You hit the ogre but do no damage.
The ogre is moderately wounded.
The ogre hits you with a giant spiked club!!
Ouch! That really hurt!
You die...

..#########
..............
...#########...
...#.......#...
..............#
..)...........#
..............#
..............#####.#
.....>.........O@†..#
..............#######
..............#
#.............#
#..†.......[..#
.........####.#
.........# #.#
.........# #.#
.........# #.#


You could see an ogre.

Vanquished Creatures
  Jessica (D:3)
  Ijyb (D:2)
  Robin (D:3)
  4 adders
  A worm (D:2)
  2 dart slugs
  A giant gecko (D:1)
  An orc (D:3)
  A ball python (D:2)
  8 giant cockroaches
  16 goblins
  10 hobgoblins
  4 jackals (D:2)
  A quokka (D:2)
  5 bats
  4 giant newts
  3 kobolds
  A quokka skeleton (D:3)
  3 rats
68 creatures vanquished.

Notes
Turn   | Place    | Note
--------------------------------------------------------------
     0 | D:1      | FloraKitsune the Vampire Monk began the quest for the Orb.
     0 | D:1      | Reached XP level 1. HP: 17/17 MP: 1/1
   499 | D:1      | Reached XP level 2. HP: 23/23 MP: 2/2
   924 | D:2      | Reached XP level 3. HP: 17/28 MP: 3/3
  1079 | D:2      | Noticed Ijyb
  1094 | D:2      | Killed Ijyb
  1094 | D:2      | Reached XP level 4. HP: 34/34 MP: 4/4
  1736 | D:3      | Noticed Jessica
  1748 | D:3      | Killed Jessica
  1748 | D:3      | Reached skill level 5 in Dodging
  1748 | D:3      | Reached skill level 5 in Stealth
  1850 | D:3      | Noticed Robin
  1884 | D:3      | Reached XP level 5. HP: 30/40 MP: 5/5
  1897 | D:3      | Killed Robin
  2454 | D:3      | Noticed an ogre
  2483 | D:3      | Demolished by an ogre

Skill      XL: |  1  2  3  4 |
---------------+-------------+-----
Dodging        | 4 5 |  5.4
Stealth        | 4 5 |  5.4
Fighting       | |  2.8
Unarmed Combat | |  4.7

Action                   |  1- 3 |  4- 6 || total
-------------------------+-------+-------++-------
Melee: Unarmed           |    80 |   143 ||   223
       Bite              |     4 |    11 ||    15
       Punch             |     2 |     3 ||     5
  Use: Potion            |     7 |     4 ||    11
 Stab: Sleeping          |     2 |    11 ||    13
       Distracted        |       |     1 ||     1
  Eat: Corpse            |       |     6 ||     6
Armor: Robe              |     9 |    28 ||    37
       Skin              |     4 |       ||     4
Dodge: Dodged            |    44 |    97 ||   141
